 Dungeon Crawl Stone Soup version 0.26.1-11-gd32895ea62 (webtiles) character file.

Game seed: 15672903827850870040

20 Zeld the Cudgeller (level 2, -1/21 HPs)
             Began as an Octopode Monk on May 16, 2021.
             Slain by Natasha (4 damage)
             ... on level 2 of the Dungeon.
             The game lasted 00:01:33 (1178 turns).

Zeld the Cudgeller (Octopode Monk)                  Turns: 1178, Time: 00:01:34

Health: -1/21      AC:  1    Str: 10    XL:     2   Next: 79%
Magic:  3/3        EV: 14    Int: 12    God:
Gold:   53         SH:  0    Dex: 14    Spells: 3/3 levels left

rFire    . . .     SeeInvis .   a - +0 mace
rCold    . . .     Faith    .   (no shield)
rNeg     . . .     Spirit   .   (helmet restricted)
rPois    .         Reflect  .   (no amulet)
rElec    .         Harm     .   (no ring)
rCorr    .         Rampage  .   (no ring)
Will     .....                  (no ring)
Stlth    +++.......             (no ring)
HPRegen  0.07/turn              (no ring)
MPRegen  0.08/turn              (no ring)
                                (no ring)
                                (no ring)

@: no status effects
A: almost no armour, stealthy swim, amphibious, 8 rings, constrict 8, camouflage
1, gelatinous body 1
a: no special abilities


You were on level 2 of the Dungeon.
You visited 1 branch of the dungeon, and saw 2 of its levels.

You collected 53 gold pieces.

Inventory:

Hand Weapons
 a - a +0 mace (weapon)
Jewellery
 g - an uncursed ring of ice {unknown}
Scrolls
 b - 2 scrolls of fear {unknown}
 c - 2 scrolls of teleportation {unknown}
 d - a scroll of fog {unknown}
 e - 3 scrolls of identify {unknown}
 f - 3 scrolls of amnesia {unknown}


   Skills:
 - Level 3.0 Fighting
 * Level 3.7 Maces & Flails
 - Level 3.0 Dodging
 - Level 2.6 Stealth
 + Level 1.0 Spellcasting


You had 3 spell levels left.
You didn't know any spells.
Your spell library was empty.

Dungeon Overview and Level Annotations

Branches:
Dungeon (2/15)

Altars:
Ashenzari
Fedhas
Hepliaklqana
Qazlal

Annotations:
D:2 Natasha


Innate Abilities, Weirdness & Mutations

You cannot wear most types of armour.
You are very stealthy in the water. (Stealth+)
You are amphibious.
You can wear up to eight rings at the same time.
You can use your tentacles to constrict eight enemies at once.
Your skin changes colour to match your surroundings (Stealth+).
Your rubbery body absorbs attacks. (AC +1, EV +1)


Message History

A frilled lizard is nearby!
Found a scroll labelled UCWOQO IK JAR and 23 arrows.
The frilled lizard hisses angrily.
You barely miss the frilled lizard. Your grab misses the frilled lizard.
The frilled lizard barely misses you. The frilled lizard closely misses you.
You hit the frilled lizard.
You kill the frilled lizard!
No target in view!
Natasha, Servant of Life and Death comes into view.
Natasha hisses angrily.
Natasha drinks a potion.
Natasha seems to speed up.
Natasha is nearby!
Natasha is nearby!
Natasha is nearby!
Natasha casts a spell at you. The magic dart hits you! Natasha claws you!
* * * LOW HITPOINT WARNING * * *
Natasha claws you.
You die...

### #### #########.# #...#
.........####...#
#.........##...###
#.........#....(.#
#........?#......#
#...h@....#......####.
.................#......
....#####........#......
.........# ##....#...#......
......... .......+..........
.......######....##........#
####.........##....##........#
+............##....##......$.#
#............#...............#


You could see Natasha (fast).

Vanquished Creatures
  A dart slug (D:1)
  2 leopard geckos (D:1)
  A giant cockroach (D:1)
  A goblin (D:1)
  2 hobgoblins (D:1)
  3 bats
  3 frilled lizards
  5 rats
18 creatures vanquished.

Notes
Turn   | Place    | Note
-------+----------+-------------------------------------------
     0 | D:1      | Zeld the Octopode Monk began the quest for the Orb.
     0 | D:1      | Reached XP level 1. HP: 16/16 MP: 1/1
   156 | D:1      | Reached XP level 2. HP: 19/21 MP: 2/2
   859 | D:2      | Found a blossoming altar of Fedhas.
   883 | D:2      | Reached skill level 1 in Spellcasting
  1141 | D:2      | Found a broken altar of Ashenzari.
  1143 | D:2      | Found a stormy altar of Qazlal.
  1145 | D:2      | Found a hazy altar of Hepliaklqana.
  1174 | D:2      | Noticed Natasha
  1178 | D:2      | Slain by Natasha

Illustrated notes

Levels and vault maps discovered:
D:1:      nzn_arrival_water_spiral, layout_loops_ring, minmay_misc_feat_x
D:2:      layout_basic, grunt_temple_overflow_diamond, fedhas_altar_4,
          uniq_natasha

Skill      XL: |  1  2 |
---------------+-------+-----
Spellcasting   | 1 |  1.0
Fighting       | |  3.0
Maces & Flails | |  3.7
Dodging        | |  3.0
Stealth        | |  2.6

Action                   || total
-------------------------++-------
Melee: Mace              ||    34
       Constrict         ||     9
       Tentacles         ||     3
 Stab: Sleeping          ||     4
Armor: Skin              ||     1
Dodge: Dodged            ||    26
